 Dungeon Crawl Stone Soup version 0.18-a0-1784-ga939a68 (webtiles) character file.

8 harness01 the Skirmisher (level 2, -5/24 HPs)
             Began as a Demonspawn Abyssal Knight on Apr 18, 2016.
             Was an Initiate of Lugonu.
             Slain by Sephea the merfolk
             ... wielding a +2 trident of piercing
             ... created by the player character
              (19 damage)
             ... on level 2 of the Dungeon.
             The game lasted 00:02:52 (503 turns).

harness01 the Skirmisher (Demonspawn Abyssal Knight) Turns: 503, Time: 00:02:53

Health: -5/24      AC:  3    Str: 12    XL:     2   Next: 0%
Magic:  3/3        EV: 11    Int: 13    God:    Lugonu [......]
Gold:   36         SH:  0    Dex: 12    Spells: 0 memorised, 1 level left

rFire  . . .     SeeInvis .     a - +1 mace
rCold  . . .     Gourm    .     b - +0 leather armour
rNeg   . . .     Faith    .     (no shield)
rPois  .         Spirit   .     (no helmet)
rElec  .         Dismiss  .     (no cloak)
rCorr  .         Reflect  .     (no gloves)
SustAt .         Harm     .     (no boots)
MR     .....                    e - amulet of inaccuracy (curse)
Stlth  +.........               (no ring)
                                (no ring)

@: not resistant to hostile enchantments, very unstealthy
A: hooves 1
a: Renounce Religion


You were on level 2 of the Dungeon.
You worshipped Lugonu.
Lugonu was noncommittal.
You were not hungry.

You visited 1 branch of the dungeon, and saw 3 of its levels.
You visited the Abyss 1 time.

You collected 36 gold pieces.

Inventory:

Hand Weapons
 a - a +1 mace (weapon)
 f - a cursed +0 club
 g - a +0 short sword
 i - a +0 short sword
Missiles
 h - 22 stones (quivered)
Armour
 b - a +0 leather armour (worn)
 d - a +0 leather armour
Jewellery
 e - a cursed amulet of inaccuracy (around neck)
Miscellaneous
 j - a plain deck of changes {drawn: 3}
Comestibles
 c - 2 bread rations
 k - a chunk of flesh
 l - a beef jerky


   Skills:
 + Level 3.3 Fighting
 + Level 1.9 Maces & Flails
 + Level 1.8 Armour
 + Level 1.0 Dodging
 + Level 2.5 Invocations


You had one spell level left.
You didn't know any spells.

Dungeon Overview and Level Annotations

Branches:
Dungeon (3/15)

Altars:
Nemelex Xobeh


Innate Abilities, Weirdness & Mutations

You have large cloven feet.


Message History

You climb upwards.
There is a stone staircase leading down here.
You closely miss the bat. The bat hits you but does no damage.
The crimson imp hits you but does no damage.
You hit the crimson imp.
The crimson imp is heavily wounded.
The crimson imp hits you but does no damage.
The bat hits you but does no damage.
The crimson imp blinks!
You draw a card...
It is the Mercenary.
You cannot afford Sephea's fee of 300 gold!
Sephea attacks!
Sephea the merfolk comes into view. It is wielding a trident of piercing.
The bat hits you.
You closely miss the bat. Your kick misses the bat.
The bat hits you but does no damage.
Sephea hits you from afar with a trident of piercing.
You miss the bat. The bat misses you. The crimson imp hits you.
Sephea hits you from afar with a trident of piercing!!
Ouch! That really hurt!
You die...

########### #
..#......#
##.########.#.####.#
.......@....#<#
...#....5....##
#..#.m.......+
........b....#
.............#
.#...........#
.............#
.##.....#+####
#.....+


You could see Sephea the merfolk, a crimson imp and a bat.

Vanquished Creatures
  2 giant geckos (D:1)
  A giant cockroach (D:1)
  A goblin (D:1)
  A bat (D:1)
  A giant newt (D:1)
6 creatures vanquished.

Notes
Turn   | Place    | Note
--------------------------------------------------------------
     0 | Abyss:1  | harness01 the Demonspawn Abyssal Knight began the quest for the Orb.
     0 | Abyss:1  | Reached XP level 1. HP: 18/18 MP: 2/2
     0 | D:1      | Escaped the Abyss
   252 | D:1      | Found a sparkling altar of Nemelex Xobeh.
   328 | D:1      | Reached skill level 1 in Dodging
   343 | D:1      | Gained mutation: You have large cloven feet. [demonic ancestry]
   343 | D:1      | Reached XP level 2. HP: 13/24 MP: 3/3
   494 | D:3      | Noticed a crimson imp
   501 | D:2      | Noticed Sephea
   503 | D:2      | Slain by Sephea the merfolk

Vault maps used:
D:1:      dpeg_arrival_pond, nemelex_deck
D:2:      lemuel_round_altar, kennysheep_okawaru_gauntlet, first_bread,
          tgw_kikubaaqudgha
D:3:      lemuel_coloured_pillars_altar, roderic_lattice_a, dk_noncrumbling_4,
          grunt_qazlal_sundering

Skill      XL: |  1 |
---------------+----+-----
Dodging        | 1 |  1.0
Fighting       | |  3.3
Maces & Flails | |  1.9
Armour         | |  1.8
Invocations    | |  2.5

Action                   || total
-------------------------++-------
Melee: Mace              ||    33
Throw: Stone             ||     1
Invok: Depart the Abyss  ||     1
Evoke: Deck              ||     3
  Use: Scroll            ||     3
Armor: Leather armour    ||    12
Dodge: Dodged            ||    23
